APL (24 & UNDER)
EL PASO TEXANS @ DETROIT DIRTY SNOW
09/19/2030
 
TOP OF THE 1ST
El Paso Texans batting - Pitching for Detroit Dirty Snow : RHP Ánibal Medina
Pitching: RHP Ánibal Medina
Batting: SHB António Cervantes 0-0: Ball
1-0: Ball
2-0: SINGLE (Line Drive, 9LS)
Batting: LHB António Fonseca 0-0: SINGLE (Groundball, 6D)
António Cervantes to second
Batting: LHB Cipriano Rangel 0-0: Called Strike
0-1: Ball
1-1: Foul Ball, location: 2F
1-2: Ball
2-2: Fielders Choice at 2nd, 4-6 (Groundball, 4)
António Cervantes to third
Batting: LHB Ramón Ortega 0-0: Ball
1-0: Ball
2-0: Foul Ball, location: 2F
2-1: SINGLE (Flyball, 9LS)
António Cervantes scores
Cipriano Rangel to second
Runner from 2nd tries for 3rd, SAFE, no throw
Batting: LHB Gus Price 0-0: Reached on error, E6 (Groundball, 6)
Cipriano Rangel scores
Ramón Ortega to second
Batting: RHB Chris Smith 0-0: Called Strike
0-1: Ball
1-1: Ground out 5-3 (Groundball, 56S)
Ramón Ortega to third
Gus Price to second
Batting: RHB Manny Holguín 0-0: Ball
1-0: Called Strike
1-1: Ball
2-1: Ball
3-1: Base on Balls
Batting: RHB Merlin Dobbin 0-0: Called Strike
0-1: Ball
1-1: Foul Ball, location: 2F
1-2: Ball
2-2: Strikes out swinging
Top of the 1st over - 2 runs, 3 hits, 1 error, 3 left on base; El Paso 2 - Detroit 0
BOTTOM OF THE 1ST
Detroit Dirty Snow batting - Pitching for El Paso Texans : LHP Jeffery Cleveland
Pitching: LHP Jeffery Cleveland
Batting: LHB Lee Jenkins 0-0: Ball
1-0: Ball
2-0: Called Strike
2-1: Foul Ball, location: 2F
2-2: Ball
3-2: Base on Balls
Batting: RHB Mauro Peña 0-0: Called Strike
0-1: Swinging Strike
0-2: Ball
1-2: Foul Ball, location: 2F
1-2: Strikes out looking
Batting: RHB Gustavo López 0-0: Called Strike
0-1: Ball
1-1: Foul Ball, location: 2F
1-2: Ball
2-2: Ball
3-2: Strikes out looking
Batting: SHB Víctor Torres 0-0: Swinging Strike
0-1: Foul Ball, location: 2F
0-2: Ball
1-2: Fly out, F8 (Flyball, 8RD)
Bottom of the 1st over - 0 runs, 0 hits, 0 errors, 1 left on base; El Paso 2 - Detroit 0
TOP OF THE 2ND
El Paso Texans batting - Pitching for Detroit Dirty Snow : RHP Ánibal Medina
Batting: RHB Stephen Black 0-0: Foul Ball, location: 2F
0-1: Ball
1-1: Ground out 6-3 (Groundball, 6)
Batting: SHB António Cervantes 0-0: Ball
1-0: Ball
2-0: Called Strike
2-1: Foul Ball, location: 2F
2-2: Ball
3-2: Base on Balls
Batting: LHB António Fonseca 0-0: Ball
1-0: Foul Ball, location: 2F
1-1: Ball
2-1: Foul Ball, location: 2F
2-2: Ball
3-2: Ground out U3 (Groundball, 3S)
António Cervantes to second
Batting: LHB Cipriano Rangel 0-0: Foul Ball, location: 2F
0-1: Called Strike
0-2: Ball
1-2: Strikes out swinging
Top of the 2nd over - 0 runs, 0 hits, 0 errors, 1 left on base; El Paso 2 - Detroit 0
BOTTOM OF THE 2ND
Detroit Dirty Snow batting - Pitching for El Paso Texans : LHP Jeffery Cleveland
Batting: RHB Phil Poole 0-0: Called Strike
0-1: Foul Ball, location: 2F
0-2: Ball
1-2: Ball
2-2: Fly out, F8 (Flyball, 8LD)
Batting: LHB Al Cramer 0-0: Ball
1-0: SINGLE (Line Drive, 56)
Batting: RHB António Aguilera 0-0: Ball
1-0: Ball
2-0: Ball
3-0: Called Strike
3-1: Swinging Strike
3-2: Strikes out swinging
Batting: LHB Joe Hanson 0-0: Called Strike
0-1: Fly out, F9 (Flyball, 9S)
Bottom of the 2nd over - 0 runs, 1 hit, 0 errors, 1 left on base; El Paso 2 - Detroit 0
TOP OF THE 3RD
El Paso Texans batting - Pitching for Detroit Dirty Snow : RHP Ánibal Medina
Batting: LHB Ramón Ortega 0-0: Ball
1-0: Swinging Strike
1-1: Ball
2-1: Foul Ball, location: 2F
2-2: Strikes out swinging
Batting: LHB Gus Price 0-0: Ball
1-0: Fly out, F8 (Line Drive, 89D)
Batting: RHB Chris Smith 0-0: Swinging Strike
0-1: Foul Ball, location: 2F
0-2: Strikes out looking
Top of the 3rd over - 0 runs, 0 hits, 0 errors, 0 left on base; El Paso 2 - Detroit 0
BOTTOM OF THE 3RD
Detroit Dirty Snow batting - Pitching for El Paso Texans : LHP Jeffery Cleveland
Batting: LHB Luis Salazar 0-0: SINGLE (Groundball, 34D)
Batting: LHB Lee Jenkins 0-0: Ball
1-0: Ball
2-0: Foul Ball, location: 2F
2-1: Called Strike
2-2: Strikes out looking
Batting: RHB Mauro Peña 0-0: Called Strike
Luis Salazar steals 2nd base
0-1: SINGLE (Groundball, 6D)
Luis Salazar to third
Runner from 3rd tries for Home, SAFE, no throw
Batting: RHB Gustavo López 0-0: 2-RUN HOME RUN (Flyball, 7LD), Distance : 341 ft
Batting: SHB Víctor Torres 0-0: Called Strike
0-1: Ball
1-1: Foul Ball, location: 2F
1-2: Ball
2-2: Strikes out swinging
Batting: RHB Phil Poole 0-0: Called Strike
0-1: Called Strike
0-2: Foul Ball, location: 2F
0-2: Ball
1-2: Ball
2-2: Ball
3-2: Strikes out looking
Bottom of the 3rd over - 3 runs, 3 hits, 0 errors, 0 left on base; El Paso 2 - Detroit 3
TOP OF THE 4TH
El Paso Texans batting - Pitching for Detroit Dirty Snow : RHP Ánibal Medina
Batting: RHB Manny Holguín 0-0: SINGLE (Groundball, 2R) (infield hit)
Batting: RHB Merlin Dobbin 0-0: Ball
Manny Holguín is caught stealing 2nd base
1-0: Ball
2-0: Ball
3-0: Called Strike
3-1: Swinging Strike
3-2: Strikes out swinging
Batting: RHB Stephen Black 0-0: Ball
1-0: Ball
2-0: Ball
3-0: Swinging Strike
3-1: Called Strike
3-2: Base on Balls
Batting: SHB António Cervantes 0-0: SINGLE (Flyball, 9LS)
Stephen Black to second
Runner from 2nd tries for 3rd, SAFE, throw made to third
Batting: LHB António Fonseca 0-0: SINGLE (Line Drive, 4)
Stephen Black scores
António Cervantes to second
Runner from 2nd tries for 3rd, SAFE, throw made to third
Batting: LHB Cipriano Rangel 0-0: Ground out U3 (Groundball, 3)
Top of the 4th over - 1 run, 3 hits, 0 errors, 2 left on base; El Paso 3 - Detroit 3
BOTTOM OF THE 4TH
Detroit Dirty Snow batting - Pitching for El Paso Texans : LHP Jeffery Cleveland
Batting: LHB Al Cramer 0-0: Foul Ball, location: 2F
0-1: Foul Ball, location: 2F
0-2: Ball
1-2: Ball
2-2: Strikes out swinging
Batting: RHB António Aguilera 0-0: Ball
1-0: Fly out, F4 (Popup, 4S)
Batting: LHB Joe Hanson 0-0: Called Strike
0-1: Swinging Strike
0-2: Ball
1-2: Ground out U3 (Groundball, 3)
Bottom of the 4th over - 0 runs, 0 hits, 0 errors, 0 left on base; El Paso 3 - Detroit 3
TOP OF THE 5TH
El Paso Texans batting - Pitching for Detroit Dirty Snow : RHP Ánibal Medina
Batting: LHB Ramón Ortega 0-0: Called Strike
0-1: Ball
1-1: Foul Ball, location: 2F
1-2: Foul Ball, location: 2F
1-2: Strikes out swinging
Batting: LHB Gus Price 0-0: Called Strike
0-1: Ball
1-1: Ground out 6-3 (Groundball, 6)
Batting: RHB Chris Smith 0-0: Ball
1-0: SINGLE (Groundball, 6MD)
Batting: RHB Manny Holguín 0-0: Called Strike
0-1: Swinging Strike
0-2: Foul Ball, location: 2F
0-2: Foul Ball, location: 2F
0-2: Strikes out swinging
Top of the 5th over - 0 runs, 1 hit, 0 errors, 1 left on base; El Paso 3 - Detroit 3
BOTTOM OF THE 5TH
Detroit Dirty Snow batting - Pitching for El Paso Texans : LHP Jeffery Cleveland
Batting: LHB Luis Salazar 0-0: Called Strike
0-1: Fly out, F8 (Flyball, 8LD)
Batting: LHB Lee Jenkins 0-0: Ball
1-0: Foul Ball, location: 2F
1-1: Foul Ball, location: 2F
1-2: Ball
2-2: Strikes out looking
Batting: RHB Mauro Peña 0-0: Called Strike
0-1: Ball
1-1: Ball
2-1: Foul Ball, location: 2F
2-2: Strikes out swinging
Bottom of the 5th over - 0 runs, 0 hits, 0 errors, 0 left on base; El Paso 3 - Detroit 3
TOP OF THE 6TH
El Paso Texans batting - Pitching for Detroit Dirty Snow : RHP Ánibal Medina
Pitching: RHP Orlando García
Batting: RHB Merlin Dobbin 0-0: Ball
1-0: Ball
2-0: Swinging Strike
2-1: Swinging Strike
2-2: Ball
3-2: Foul Ball, location: 2F
3-2: Foul Ball, location: 2F
3-2: Strikes out swinging
Batting: RHB Stephen Black 0-0: Foul Ball, location: 2F
0-1: Ball
1-1: Ball
2-1: Ball
3-1: Base on Balls
Batting: SHB António Cervantes 0-0: Ball
Stephen Black is caught stealing 2nd base
1-0: Foul Ball, location: 2F
1-1: Foul Ball, location: 2F
1-2: Fly out, F8 (Flyball, 8LXD)
Top of the 6th over - 0 runs, 0 hits, 0 errors, 0 left on base; El Paso 3 - Detroit 3
BOTTOM OF THE 6TH
Detroit Dirty Snow batting - Pitching for El Paso Texans : LHP Jeffery Cleveland
Batting: RHB Gustavo López 0-0: Ball
1-0: Ball
2-0: Swinging Strike
2-1: Swinging Strike
2-2: Ball
3-2: Strikes out looking
Batting: SHB Víctor Torres 0-0: Ball
1-0: Ball
2-0: Foul Ball, location: 2F
2-1: Called Strike
2-2: Foul Ball, location: 2F
2-2: Ball
3-2: Foul Ball, location: 2F
3-2: Foul Ball, location: 2F
3-2: Base on Balls
Batting: RHB Phil Poole 0-0: Ball
1-0: Called Strike
1-1: Reached on error, E1 (Groundball, 13S)
Víctor Torres to second
Pitching: RHP Mike Church
Batting: LHB Al Cramer 0-0: Called Strike
0-1: Called Strike
0-2: Ball
1-2: Ball
2-2: Fielders Choice at 2nd, 1-6 (Groundball, 13S)
Víctor Torres to third
Batting: RHB António Aguilera 0-0: Foul Ball, location: 2F
0-1: Ball
1-1: Ground out 4-3 (Groundball, 4)
Bottom of the 6th over - 0 runs, 0 hits, 1 error, 2 left on base; El Paso 3 - Detroit 3
TOP OF THE 7TH
El Paso Texans batting - Pitching for Detroit Dirty Snow : RHP Orlando García
Batting: LHB António Fonseca 0-0: Called Strike
0-1: Fly out, F5 (Popup, 56S)
Batting: LHB Cipriano Rangel 0-0: Ball
1-0: Ball
2-0: Foul Ball, location: 2F
2-1: Ball
3-1: Base on Balls
Batting: LHB Ramón Ortega 0-0: Called Strike
0-1: SINGLE (Flyball, 8RS)
Cipriano Rangel to second
Pinch Hitting: SHB Oliver Riley 0-0: Called Strike
0-1: Fielders Choice at 2nd, 5-4 (Groundball, 56)
Cipriano Rangel to third
Pinch Hitting: RHB Rafael Crus 0-0: Called Strike
Oliver Riley steals 2nd base
0-1: Ball
1-1: Ball
2-1: Ball
3-1: Base on Balls
Batting: RHB Manny Holguín 0-0: Ball
1-0: Ball
2-0: Called Strike
2-1: Swinging Strike
2-2: Strikes out swinging
Top of the 7th over - 0 runs, 1 hit, 0 errors, 3 left on base; El Paso 3 - Detroit 3
BOTTOM OF THE 7TH
Detroit Dirty Snow batting - Pitching for El Paso Texans : RHP Mike Church
Pitching: RHP Mark Thompson
Now at 1B: Oliver Riley
Now in LF: Rafael Crus
Batting: LHB Joe Hanson 0-0: Called Strike
0-1: Ball
1-1: Ball
2-1: Ball
3-1: Ground out 1-3 (Groundball, 15)
Batting: LHB Luis Salazar 0-0: Foul Ball, location: 2F
0-1: Ball
1-1: Swinging Strike
1-2: Ball
2-2: Ball
3-2: Strikes out swinging
Batting: LHB Lee Jenkins 0-0: Ball
1-0: Foul Ball, location: 2F
1-1: Ball
2-1: Ball
3-1: Called Strike
3-2: SINGLE (Flyball, 89M)
Pinch Hitting: RHB Mike Best 0-0: Ball
1-0: SINGLE (Groundball, 23) (infield hit)
Lee Jenkins to second
Batting: RHB Gustavo López 0-0: DOUBLE (Line Drive, 78D)
Lee Jenkins scores
Mike Best to third
Runner from 3rd tries for Home, SAFE, no throw
Batting: SHB Víctor Torres 0-0: Ball
1-0: Ball
2-0: Ball
3-0: Base on Balls
Pinch Hitting: RHB Manuel Flores 0-0: Ball
1-0: Fly out, F8 (Flyball, 89D)
Bottom of the 7th over - 2 runs, 3 hits, 0 errors, 2 left on base; El Paso 3 - Detroit 5
TOP OF THE 8TH
El Paso Texans batting - Pitching for Detroit Dirty Snow : RHP Orlando García
Now at 2B: Manuel Flores
Now at 3B: Carlos Rocha
Batting: RHB Merlin Dobbin 0-0: Swinging Strike
0-1: Called Strike
0-2: Strikes out swinging
Batting: RHB Stephen Black 0-0: Called Strike
0-1: Foul Ball, location: 2F
0-2: Ball
1-2: Strikes out swinging
Batting: SHB António Cervantes 0-0: Called Strike
0-1: Ball
1-1: Ball
2-1: Swinging Strike
2-2: Strikes out looking
Top of the 8th over - 0 runs, 0 hits, 0 errors, 0 left on base; El Paso 3 - Detroit 5
BOTTOM OF THE 8TH
Detroit Dirty Snow batting - Pitching for El Paso Texans : RHP Mark Thompson
Batting: LHB Al Cramer 0-0: Ball
1-0: Ball
2-0: Swinging Strike
2-1: Ball
3-1: Called Strike
3-2: Strikes out swinging
Batting: RHB António Aguilera 0-0: Foul Ball, location: 2F
0-1: SINGLE (Line Drive, 34D)
Batting: LHB Joe Hanson 0-0: Called Strike
0-1: Fly out, F9 (Line Drive, 89M)
Batting: LHB Luis Salazar 0-0: Ball
1-0: Foul Ball, location: 2F
1-1: Ball
2-1: Ball
3-1: Foul Ball, location: 2F
3-2: Foul Ball, location: 2F
3-2: Foul Ball, location: 2F
3-2: Foul Ball, location: 2F
3-2: Foul Ball, location: 2F
3-2: Base on Balls
António Aguilera to second
Batting: LHB Lee Jenkins 0-0: Called Strike
0-1: Ball
1-1: Fly out, F9 (Flyball, 89M)
Bottom of the 8th over - 0 runs, 1 hit, 0 errors, 2 left on base; El Paso 3 - Detroit 5
TOP OF THE 9TH
El Paso Texans batting - Pitching for Detroit Dirty Snow : RHP Orlando García
Batting: LHB António Fonseca 0-0: Called Strike
0-1: Foul Ball, location: 2F
0-2: Strikes out swinging, 2-3 out at first.
Batting: LHB Cipriano Rangel 0-0: Ball
1-0: Called Strike
1-1: Ball
2-1: Foul Ball, location: 2F
2-2: Ball
3-2: SINGLE (Line Drive, 7S)
Pitching: LHP Jorge Luna
Batting: LHB Ramón Ortega 0-0: Ball
1-0: Foul Ball, location: 2F
1-1: Fly out, F9 (Line Drive, 9LM)
Batting: SHB Oliver Riley 0-0: Ball
1-0: Swinging Strike
1-1: Ball
2-1: Fly out, F9 (Line Drive, 9)
Top of the 9th over - 0 runs, 1 hit, 0 errors, 1 left on base; El Paso 3 - Detroit 5
Saturday, April 7th, 2018 - OOTP Baseball 18.8 Build 76